Map: Opérations galactiques EC

Players

NuRoad - Winner!

  • Race: Zerg Zerg
  • League: Diamond

Worming

  • Race: Zerg Zerg
  • League: Diamond

VOD

Have the link to the VOD?

Description

Time

  • Played on: Oct. 21, 2016, 12:55 p.m.
  • Length: 10:03
Show
View Real Time Build Order
Export as new Build Order

NuRoad Zerg - Winner!

Build Orders: Hatch First 

Get SALT Encoding   

  12  0:02  Drone  
  13  0:10  Drone  
  14  0:24  Extractor x2  
  14  0:25  Drone x2  
  14  0:28  Overlord  
  16  0:51  Unknown, Hatchery  
  16  0:53  Drone  
  16  0:56  Drone  
  17  1:08  Extractor  
  16  1:13  Spawning Pool  
  16  1:15  Drone  
  16  1:19  Drone  
  16  1:23  Drone  
  18  1:30  Drone  
  19  1:41  Overlord  
  19  1:59  Queen  
  19  2:01  Zergling x2  
  22  2:02  Unknown, Zergling x2  
  22  2:03  Queen  
  22  2:07  Metabolic Boost  
  25  2:11  Drone  
  25  2:14  Drone  
  27  2:16  Drone  
  28  2:23  Drone  
  28  2:28  Baneling Nest  
  28  2:33  Drone  
  29  2:41  Drone x2  
  29  2:42  Evolution Chamber  
  30  2:47  Overlord  
  30  2:50  Drone  
  31  2:58  Drone  
  31  2:59  Drone  
  33  3:07  Zerg Melee Weapons Level 1, Drone  
  33  3:10  Drone x3  
  37  3:19  Zergling x6  
  40  3:22  Zergling x4  
  42  3:28  Overlord  
  42  3:32  Zergling x2  
  43  3:41  Zergling x2  
  44  3:50  Lair  
  44  3:54  Extractor  
  43  3:56  Drone x3  
  43  3:57  Drone  
  43  3:58  Drone  
  48  4:03  Unknown, Hatchery, Drone x2  
  48  4:04  Drone  
  50  4:10  Baneling  
  50  4:11  Baneling x2  
  50  4:18  Extractor, Drone  
  50  4:19  Drone x2  
  50  4:21  Overlord  
  52  4:28  Overlord  
  45  4:42  Drone x6  
  50  4:55  Spire, Drone x6  
  55  5:06  Extractor  
  54  5:08  Zergling x4  
  54  5:11  Zergling x2  
  57  5:15  Zerg Ground Armor Level 1, Unknown  
  57  5:19  Queen  
  57  5:21  Zergling x10  
  62  5:22  Zergling x2  
  62  5:28  Extractor  
  64  5:33  Extractor  
  63  5:38  Drone x7  
  70  5:45  Overlord  
  70  5:53  Drone  
  70  5:54  Drone x2  
  73  6:08  Mutalisk  
  73  6:09  Mutalisk x3  
  81  6:21  Overlord x2  
  81  6:26  Overlord x4  
  81  6:27  Overlord  
  81  6:31  Baneling x2  
  81  6:32  Baneling x6  
  81  6:38  Mutalisk  
  81  6:39  Mutalisk x3  
  89  6:47  Zerg Flyer Armor Level 1  
  81  6:57  Mutalisk  
  81  6:58  Mutalisk  
  83  7:01  Zergling x2  
  83  7:02  Zergling x18  
  93  7:11  Zergling x2  
  93  7:14  Zerg Ground Armor Level 2  
  90  7:24  Mutalisk x2  
  90  7:27  Drone x4  
  95  7:35  Queen  
  97  7:45  Mutalisk x3  
  97  7:46  Unknown, Hatchery  
  97  7:48  Drone x5  
  97  7:50  Queen  
  109  8:04  Mutalisk x3  
  111  8:20  Zergling x2  
  111  8:21  Zergling x18  
  117  8:33  Mutalisk x2  
  117  8:34  Mutalisk x3  
  125  8:57  Infestation Pit  
  125  8:58  Unknown  
  120  9:10  Extractor x2  
  110  9:18  Zergling x2  
  110  9:19  Zergling x16  
  119  9:40  Zergling x10  
  119  9:41  Zergling x8  
Show
View Real Time Build Order
Export as new Build Order

Worming Zerg 

Build Orders: Hatch First 

Get SALT Encoding   

  12  0:02  Drone  
  13  0:12  Overlord  
  13  0:18  Drone  
  14  0:33  Drone x2  
  16  0:37  Drone  
  17  0:51  Drone  
  17  0:56  Unknown, Hatchery  
  17  0:59  Drone  
  18  1:07  Drone  
  18  1:08  Extractor  
  18  1:19  Spawning Pool  
  18  1:20  Drone  
  18  1:37  Drone  
  18  1:39  Overlord  
  19  1:50  Drone  
  20  2:06  Queen, Zergling x2  
  20  2:08  Metabolic Boost, Unknown  
  23  2:16  Drone  
  23  2:19  Queen  
  23  2:21  Drone  
  23  2:22  Drone  
  28  2:34  Zergling x6  
  31  2:44  Queen  
  31  2:48  Baneling Nest  
  32  3:01  Overlord  
  32  3:08  Overlord  
  32  3:09  Drone x4  
  36  3:20  Drone x4  
  40  3:32  Drone x2  
  40  3:33  Drone x3  
  44  3:56  Extractor  
  44  4:00  Zergling x2, Roach Warren  
  44  4:01  Zergling x8  
  44  4:02  Lair  
  47  4:12  Baneling  
  47  4:14  Baneling x2  
  47  4:15  Unknown, Baneling, Hatchery  
  47  4:16  Baneling  
  46  4:23  Overlord  
  39  4:45  Drone x11  
  50  4:59  Glial Reconstitution  
  50  5:01  Evolution Chamber, Roach x2  
  50  5:06  Extractor  
  52  5:15  Overlord  
  52  5:16  Overlord x3  
  52  5:19  Roach x3  
  52  5:20  Zergling x2  
  59  5:21  Baneling x2  
  59  5:27  Unknown  
  59  5:33  Zerg Missile Weapons Level 1  
  59  5:43  Extractor  
  59  5:45  Drone x2  
  59  5:46  Drone  
  59  5:48  Zergling x14  
  68  5:50  Ravager x2  
  60  6:22  Roach x12  
  76  6:30  Zergling x4  
  78  6:36  Baneling x5  
  78  6:37  Zergling x10  
  79  6:59  Roach x8, Zergling x2  
  91  7:07  Spore Crawler x2  
  89  7:09  Spore Crawler  
  89  7:11  Spore Crawler  
  89  7:14  Spore Crawler  
  89  7:15  Spore Crawler  
  85  7:17  Drone  
  85  7:18  Drone x4  
  85  7:20  Spore Crawler  
  78  7:29  Centrifical Hooks  
  64  7:32  Hydralisk Den  
  64  7:34  Drone x4  
  64  7:36  Drone x4  
  64  7:37  Drone x3  
  74  7:44  Zerg Missile Weapons Level 2  
  74  7:47  Drone x2  
  76  7:57  Spore Crawler  
  75  8:00  Queen  
  75  8:01  Queen  
  79  8:07  Ravager x3  
  82  8:33  Zergling x2  
  82  8:34  Roach x2, Zergling x2  
  89  8:36  Queen  
  89  8:44  Hydralisk  
  89  8:46  Unknown, Hatchery  
  89  8:47  Overlord x3  
  90  8:50  Muscular Augments  
  90  8:56  Hydralisk  
  86  9:21  Hydralisk x4  
  86  9:22  Hydralisk x6  
  98  9:41  Spore Crawler, Zergling x2  
  98  9:42  Zergling x2  
Tags
 
Add a new tag
Caveats
  • Supply blocks, unpowered buildings, or Contaminate may cause inaccurate times.
  • Supply counts are checked every 10 seconds.